 Dungeon Crawl Stone Soup version 0.22-a0-558-gc224181 (webtiles) character file.

680 Deathmic the Archer (level 7, -3/57 HPs)
             Began as a Centaur Hunter on June 27, 2018.
             Shot with an arrow by a centaur (13 damage)
             ... on level 5 of the Dungeon.
             The game lasted 00:21:30 (5876 turns).

Deathmic the Archer (Centaur Hunter)                Turns: 5876, Time: 00:21:31

Health: -3/57      AC:  4    Str: 15    XL:     7   Next: 34%
Magic:  7/7        EV:  9    Int: 10    God:
Gold:   280        SH:  0    Dex: 11    Spells: 6/6 levels left

rFire    . . .     SeeInvis .   a - +4 shortbow
rCold    . . .     Gourm    .   (shield currently unavailable)
rNeg     . . .     Faith    .   c - +0 leather armour
rPois    .         Spirit   .   (no helmet)
rElec    .         Reflect  .   (no cloak)
rCorr    .         Harm     .   (no gloves)
MR       .....                  (no barding)
Stlth    +.........             (no amulet)
HPRegen  0.19/turn              (no ring)
MPRegen  0.10/turn              (no ring)

@: very quick
A: large, hooves 3, deformed body, speed 2, tough skin 3
a: no special abilities


You were on level 5 of the Dungeon.
You were hungry.

You visited 2 branches of the dungeon, and saw 6 of its levels.

You collected 280 gold pieces.

Inventory:

Hand Weapons
 a - a +4 shortbow (weapon)
 b - a +0 short sword
 p - a +2 dagger of venom
 s - a +0 falchion of holy wrath
Missiles
 d - 44 arrows (quivered)
Armour
 c - a +0 leather armour (worn)
Jewellery
 e - an uncursed ring of magical power {unknown}
 i - an uncursed amulet of harm {unknown}
 t - an uncursed ring of poison resistance {unknown}
Wands
 m - a wand of flame (44)
 q - a wand of acid (7)
Scrolls
 g - a scroll of amnesia
 k - a scroll of remove curse
 l - a scroll of enchant weapon
 v - a scroll of teleportation
Potions
 j - a potion of curing
Comestibles
 f - 9 rations


   Skills:
 + Level 3.0 Fighting
 + Level 2.4 Short Blades
 * Level 9.6 Bows
 + Level 1.8 Armour
 + Level 1.9 Dodging
 + Level 0.7 Stealth


You had 6 spell levels left.
You didn't know any spells.
Your spell library contained the following spells:

 Spells                   Type           Power        Failure   Level  Hunger
 Confuse                  Hex            #.......     80%         3    ####...
 Confusing Touch          Hex            #.....       43%         1    ##.....
 Metabolic Englaciation   Hex/Ice        #.........   100%        5    ######.
 Petrify                  Tmut/Erth      #.......     99%         4    #####..
 Gell's Gravitas          Tloc           #.........   80%         3    ####...
 Yara's Violent Unravell  Hex/Tmut       #.........   100%        5    ######.


Dungeon Overview and Level Annotations

Branches:
Dungeon (5/15)             Temple (1/1) D:4

Altars:
Ashenzari
Cheibriados
Elyvilon
Fedhas
Gozag
Kikubaaqudgha
Qazlal
Ru
Sif Muna
Trog
Vehumet
Wu Jian
Xom
Yredelemnul
Zin
The Shining One

Annotations:
D:5 1 transporter


Innate Abilities, Weirdness & Mutations

You have hooves in place of feet.
Armour fits poorly on your strangely shaped body.
You cover ground very quickly.
You have extremely tough skin. (AC +3)


Message History

The centaur shoots an arrow.
The arrow hits you.
You see here an arrow.
The centaur shoots an arrow.
The arrow hits you!
You see here an arrow.
Unknown command.
Unknown command.
Found a stone staircase leading down.
The centaur shoots an arrow.
The arrow hits you!
* * * LOW HITPOINT WARNING * * *
There is a stone staircase leading down here.
You see here an arrow.
a - a +4 shortbow (weapon)
Okay, then.
Firing (i - inventory)
d - 45 arrows (quivered)
Press: ? - help, Shift-Dir - straight line, f - centaur
Aim: a centaur, wielding a shortbow You shoot an arrow.
The arrow hits the centaur.
The centaur is lightly wounded.
The centaur shoots an arrow.
The arrow hits you!
You die...

....#####.##.#
##.####........
#..## #.##.#
#####>####........
##.# ##.##.#
#.c.....c..c......
.#.#####...#.#
#.###.####........
?#.......#...# #.#
#.# ##>##.###
.#.#####...### #.#
#.# #.##.# .#.#
##..# #.# #.#
#.##.## .#.# ##<#
#.# #.# #.##..#
5#.#######.# #@#
#.# #.###.#
H#...).....# #.#
.# #. #.#
##..######## #..
#c# #...# #### #.#
..#.# #.# ###.#
#.# #.# #.#
#.########### #.#
#...........#
########.#


You could see a centaur.

Vanquished Creatures
  2 ogres
  2 orc priests
  A hound (D:4)
  3 orc wizards
  An iguana (D:4)
  Natasha (thrice) (D:4)
  2 worker ants (D:4)
  A hound skeleton (D:4)
  7 adders
  A shadow imp (D:3)
  An ooze (D:1)
  3 worms
  A dart slug (D:2)
  4 leopard geckos
  17 orcs
  2 ball pythons
  6 giant cockroaches
  11 goblins
  5 hobgoblins
  4 jackals (D:4)
  5 quokkas
  4 bats
  6 frilled lizards
  6 kobolds
  A leopard gecko skeleton (D:4)
  4 rats
103 creatures vanquished.

Notes
Turn   | Place    | Note
-------+----------+-------------------------------------------
     0 | D:1      | Deathmic the Centaur Hunter began the quest for the Orb.
     0 | D:1      | Reached XP level 1. HP: 17/17 MP: 1/1
   145 | D:1      | Reached XP level 2. HP: 21/24 MP: 2/2
   178 | D:1      | Reached skill level 6 in Bows
   767 | D:2      | Reached XP level 3. HP: 3/29 MP: 3/3
  1741 | D:2      | Noticed an ogre
  1779 | D:2      | Killed an ogre
  1779 | D:2      | Reached skill level 1 in Short Blades
  1779 | D:2      | Reached skill level 1 in Armour
  1779 | D:2      | Reached XP level 4. HP: 37/37 MP: 4/4
  1779 | D:2      | Reached XP level 5. HP: 42/42 MP: 5/5
  2252 | D:3      | Reached skill level 7 in Bows
  3170 | D:3      | Found a sacrificial altar of Ru.
  3735 | D:3      | Reached XP level 6. HP: 42/50 MP: 6/6
  3855 | D:4      | Noticed Natasha
  3872 | D:4      | Killed Natasha
  3926 | D:4      | Reached skill level 8 in Bows
  4028 | D:4      | Found a staircase to the Ecumenical Temple.
  4052 | D:4      | Noticed Natasha
  4059 | D:4      | Killed Natasha
  4182 | D:4      | Found a snail-covered altar of Cheibriados.
  4765 | D:4      | Noticed Natasha
  4768 | D:4      | Killed Natasha
  4768 | D:4      | Reached skill level 9 in Bows
  4768 | D:4      | Reached XP level 7. HP: 48/56 MP: 7/7
  5205 | Temple   | Entered the Ecumenical Temple
  5385 | D:5      | Entered Level 5 of the Dungeon
  5398 | D:5      | Found a transporter.
  5399 | D:5      | Noticed a manticore
  5711 | D:5      | Found a shimmering altar of Xom.
  5876 | D:5      | Shot with an arrow by a centaur

Vault maps used:
D:1:      minmay_arrival_checkered_box
D:3:      nicolae_ru_the_path_less_chosen
D:4:      lemuel_round_altar, minmay_temple_entry_butterflies, first_ration,
          minmay_misc_feat_pillars, uniq_natasha
D:5:      kennysheep_mini, gammafunk_temple_overflow_arena
Temple:   nicolae_temple_great_sept

Skill      XL: |  1  2  3  4  5  6  7 |
---------------+----------------------+-----
Bows           | 6 7 9 |  9.6
Short Blades   | 1 2 |  2.4
Armour         | 1 |  1.8
Fighting       | 3 |  3.0
Dodging        | |  1.9
Stealth        | |  0.7

Action                   |  1- 3 |  4- 6 |  7- 9 || total
-------------------------+-------+-------+-------++-------
Melee: Short sword       |   120 |   114 |    13 ||   247
       Kick              |    14 |    20 |     3 ||    37
 Fire: Shortbow          |    16 |    96 |    33 ||   145
  Use: Potion            |     1 |     1 |     6 ||     8
       Scroll            |       |     9 |       ||     9
  Eat: Chunk             |     1 |     9 |     2 ||    12
Armor: Leather armour    |    48 |    32 |     4 ||    84
Dodge: Dodged            |    55 |    56 |     8 ||   119

Table legend:
 A = Spawn XP
 B = Non-spawn XP
 C = Spawn XP percentage of total XP
 D = Spawn monster count
 E = Non-spawn monster count
 F = Spawn count percentage of total count
 G = Total turns spent on level
                    A         B        C        D         E        F      G
               +---------+---------+-------+---------+---------+-------+---------
         Total |       0 |     972 |   0.0 |       0 |     103 |   0.0 |  5876
               +---------+---------+-------+---------+---------+-------+---------
           D:1 |       0 |      31 |   0.0 |       0 |      17 |   0.0 |   695
           D:2 |       0 |     173 |   0.0 |       0 |      19 |   0.0 |  1606
           D:3 |       0 |     176 |   0.0 |       0 |      27 |   0.0 |  1575
           D:4 |       0 |     466 |   0.0 |       0 |      38 |   0.0 |  1363
           D:5 |       0 |     126 |   0.0 |       0 |       2 |   0.0 |   491
               +---------+---------+-------+---------+---------+-------+---------
